 Dungeon Crawl Stone Soup version 0.31-a0-955-gcb8bc90ed4 (webtiles) character file.

Game seed: 16816055351816215774

66 BinkBink the Sneak (level 4, 0/28 HPs)
             Began as a Tengu Delver on Oct 22, 2023.
             Slain by a gnoll
             ... wielding a +0 halberd
              (13 damage)
             ... on level 2 of the Dungeon.
             The game lasted 00:02:13 (908 turns).

BinkBink the Sneak (Tengu Delver)                    Turns: 908, Time: 00:02:14

Health: 0/28       AC:  3    Str: 12    XL:     4   Next: 15%
Magic:  5/5        EV: 13    Int: 10    God:
Gold:   108        SH:  0    Dex: 18    Spells: 3/3 levels left

rFire   . . .        a - +0 falchion
rCold   . . .        (no shield)
rNeg    . . .        b - +0 leather armour
rPois   .            (helmet restricted)
rElec   .            (no cloak)
rCorr   .            (no gloves)
SInv    .            (boots unavailable)
Will    .....        (no amulet)
Stlth   +++          (no ring)
HPRegen 0.24/turn    (no ring)
MPRegen 0.09/turn

%: acrobat
@: no status effects
A: beak, talons 3, acrobatic
a: no special abilities


You were on level 2 of the Dungeon.
You visited 1 branch of the dungeon, and saw 5 of its levels.

You collected 108 gold pieces.

Inventory:

Hand Weapons
 a - a +0 falchion (weapon)
Armour
 b - a +0 leather armour (worn)
Jewellery
 k - a ring of see invisible
Wands
 g - a wand of digging (3)
Scrolls
 c - a scroll of fog
 d - a scroll of revelation
 e - a scroll of fear
 h - 2 scrolls of immolation {unknown}
 l - 2 scrolls of identify {unknown}
 m - a scroll of torment {unknown}
Potions
 f - 2 potions of haste
 i - a potion of attraction {unknown}
 j - 4 potions of mutation {unknown}


   Skills:
 + Level 3.5 Fighting
 * Level 3.6 Long Blades
 + Level 3.0 Dodging
 - Level 5.0 Stealth


You had 3 spell levels left.
You didn't know any spells.
Your spell library was empty.

Dungeon Overview and Level Annotations

Branches:
Dungeon (5/15)
 Temple: D:4-7

Altars:


Innate Abilities, Weirdness & Mutations

You have a beak for a mouth.
You have claws for feet.
You can magically evade attacks while moving or waiting.


Message History

Found an escape hatch in the floor.
You start resting.
HP restored.
l - 2 scrolls labelled MOFRIE UPHEIR (gained 1)
A giant cockroach comes into view.
The giant cockroach moves out of view.
m - a scroll labelled QUABRY PIARCHA You open the large door.
There is a large open door here.
There is a large open door here.
You now have 108 gold pieces (gained 12).
You open the door.
There is an open door here.
You open the door.
There is an open door here.
You open the large door.
A rat and a gnoll come into view.
Found a dagger.
There are monsters nearby!
An adder comes into view.
There is a large open door here.
The helpless rat fails to defend itself.
You hit the rat.
You kill the rat!
The gnoll shouts!
The adder hisses angrily.
The gnoll attacks as it pursues you!
The gnoll hits you from afar with a +0 halberd!
There is a large open door here.
The adder misses you.
The gnoll hits you from afar with a +0 halberd!
The adder completely misses you.
You hit the adder but do no damage. The gnoll misses you.
The adder barely misses you. The gnoll closely misses you.
You completely miss the adder. The adder closely misses you.
The gnoll closely misses you. The adder barely misses you.
You barely miss the adder. You claw the adder.
The adder is moderately wounded.
The adder closely misses you.
The gnoll hits you from afar with a +0 halberd!
You die...

######## ### #######......# ..#
#............##### ..#
#................###
..###................†.#######
..'.'.........................
..###..................#######
### #...........@......##########
#......).####Sg####..........
##........#§≈≈..≈≈§#.[.....##.
####<........#§§.....§#.......##.
.............#≈§....§§#.......###
............##≈..)...≈#........†.
............##≈......≈####.######
####........##≈......≈# #.# #.
.............#≈......≈# #.# ##.


You could see a gnoll and an adder.

Vanquished Creatures
  2 adders (D:2)
  A dart slug (D:1)
  6 ball pythons
  3 bats
  An endoplasm (D:1)
  A giant cockroach (D:1)
  7 goblins
  2 hobgoblins (D:2)
  6 jackals (D:1)
  2 quokkas (D:1)
  6 kobolds
  6 rats
43 creatures vanquished.

Notes
Turn   | Place    | Note
-------+----------+-------------------------------------------
     0 | D:5      | BinkBink the Tengu Delver began the quest for the Orb.
     0 | D:5      | Reached XP level 1. HP: 14/14 MP: 2/2
    24 | D:5      | Noticed an iguana
   139 | D:1      | Reached XP level 2. HP: 19/19 MP: 3/3
   367 | D:1      | Reached XP level 3. HP: 23/23 MP: 4/4
   795 | D:2      | Reached XP level 4. HP: 18/28 MP: 5/5
   908 | D:2      | Slain by a gnoll

Illustrated notes

Levels and vault maps discovered:
D:1:      lemuel_arrival_river_ford, layout_rooms
D:2:      wad_lake_hut, layout_basic, kennysheep_generic_room_6
D:3:      layout_rooms, lemuel_zombie_altar_kikubaaqudgha,
          dreamdust_ecumenical_altar_hidden_monk_grotto, grunt_ministairs_13
D:4:      layout_cave_pools, serial_rivers, chequers_serial_rivers_room_a,
          chequers_serial_rivers_small_b, chequers_serial_rivers_micro_a,
          chequers_serial_rivers_micro_a, chequers_serial_rivers_micro_a
D:5:      layout_loops_ring, slow_altar_2, minmay_misc_feat_encased, uniq_pikel

Skill      XL: |  1  2  3 |
---------------+----------+-----
Long Blades    | 3 |  3.6
Dodging        | 3 |  3.0
Fighting       | |  3.5
Stealth        | |  5.0

Action                     |  1- 3 |  4- 6 || total
---------------------------+-------+-------++-------
  Melee: Falchion          |    89 |     6 ||    95
         Kick              |    15 |     1 ||    16
         Peck              |     9 |       ||     9
   Stab: Sleeping          |    10 |     1 ||    11
 Armour: Leather armour    |    40 |     3 ||    43
  Dodge: Dodged            |    70 |    10 ||    80

Table legend: (Time is in decaauts)
 A = Elapsed time spent in this place.
 B = Non-inter-level travel time spent in this place.
 C = Inter-level travel time spent in this place.
 D = Time resting spent in this place.
 E = Time spent auto-exploring this place.
 F = Levels seen in this place.
 G = Mean time per level.
                   A        B        C        D        E       F      G
               +--------+--------+--------+--------+--------+-----+--------+
         Total |    923 |    919 |      4 |     65 |    532 |   5 |  184.6 |
       Dungeon |    923 |    919 |      4 |     65 |    532 |   5 |  184.6 |
               +--------+--------+--------+--------+--------+-----+--------+

Top non-repeatable levels by time:
     D:1: 622 daAuts
     D:2: 229 daAuts
     D:5: 46 daAuts
     D:3: 15 daAuts
     D:4: 10 daAuts
